 Dungeon Crawl Stone Soup version 0.19.0-2-gae57169 (webtiles) character file.

9521 mopl the Severer (level 11, -3/101 HPs)
             Began as a Hill Orc Berserker on Nov 4, 2016.
             Was a High Priest of Trog.
             Slain by a crocodile (7 damage)
             ... on level 10 of the Dungeon.
             The game lasted 00:20:31 (7056 turns).

mopl the Severer (Hill Orc Berserker)               Turns: 7056, Time: 00:20:32

Health: -3/101     AC: 11    Str: 21    XL:     11   Next: 47%
Magic:  11/11      EV: 10    Int:  7    God:    Trog [*****.]
Gold:   654        SH:  0    Dex: 15    Spells: 0 memorised, 10 levels left

rFire  . . .     SeeInvis .     a - +0 battleaxe
rCold  + . .     Gourm    .     w - +2 scale mail {rC+}
rNeg   . . .     Faith    .     (shield currently unavailable)
rPois  .         Spirit   .     (no helmet)
rElec  .         Reflect  .     (no cloak)
rCorr  .         Harm     .     T - +0 pair of gloves (curse)
MR     .....                    (no boots)
Stlth  ..........               (no amulet)
                                S - +2 ring of dexterity
                                f - ring of loudness (curse)

@: exhausted, slowed, very slow
A: no striking features
a: Berserk, Trog's Hand, Brothers in Arms, Burn Spellbooks, Renounce Religion


You were on level 10 of the Dungeon.
You worshipped Trog.
Trog was extremely pleased with you.
You were very hungry.

You visited 2 branches of the dungeon, and saw 11 of its levels.

You collected 937 gold pieces.
You spent 283 gold pieces at shops.

Inventory:

Hand Weapons
 a - a +0 battleaxe (weapon)
 r - a +1 dagger of venom
Missiles
 y - 2 throwing nets (quivered)
 B - 12 tomahawks
 M - 6 curare-tipped needles
 N - 14 poisoned needles
Armour
 w - a +2 scale mail of cold resistance (worn)
 G - the cursed +1 chain mail "Uxeha" {+Inv rElec rC+ Stlth-, unknown}
   (You found it on level 9 of the Dungeon)

   It protects you from cold.
   It insulates you from electricity.
   It lets you turn invisible.
   It makes you less stealthy.
   It has a curse placed upon it.
 I - a +0 plate armour
 T - a cursed +0 pair of gloves (worn)
Jewellery
 f - a cursed ring of loudness (left hand)
 z - an uncursed ring of protection from cold
 S - a +2 ring of dexterity (right hand)
Wands
 o - a wand of flame (15/48)
 s - a wand of flame (25/48)
 H - a wand of paralysis (10/24)
 P - a wand of flame (23/48)
 Q - a wand of acid (10/15)
Scrolls
 b - 11 scrolls of identify {unknown}
 d - a scroll of noise {unknown}
 g - 9 scrolls of remove curse {unknown}
 i - a scroll of magic mapping {unknown}
 k - 3 scrolls of fear {unknown}
 m - 2 scrolls of teleportation {unknown}
 p - a scroll of fog {unknown}
 x - a scroll of amnesia {unknown}
 C - 5 scrolls of enchant armour {unknown}
 E - a scroll of blinking {unknown}
 L - a scroll of enchant weapon {unknown}
 O - 2 scrolls of immolation {unknown}
Potions
 e - 9 potions of curing {unknown}
 j - 3 potions of ambrosia {unknown}
 l - 3 potions of agility {unknown}
 q - 2 potions of invisibility {unknown}
 t - 2 potions of haste {unknown}
 A - a potion of beneficial mutation {unknown}
 F - 3 potions of lignification {unknown}
 J - 3 potions of flight {unknown}
Books
 n - a book of Cantrips

   Spells                             Type                      Level
   a - Confusing Touch                Hexes                        1
   b - Animate Skeleton               Necromancy                   1
   c - Summon Small Mammal            Summoning                    1
   d - Apportation                    Translocation                1
   Trog disapproves of the use of such an item.
 v - a book of Misfortune

   Spells                             Type                      Level
   a - Confusing Touch                Hexes                        1
   b - Confuse                        Hexes                        3
   c - Gell's Gravitas                Hexes/Translocation          3
   d - Petrify                        Transmutation/Earth          4
   e - Metabolic Englaciation         Hexes/Ice                    5
   f - Yara's Violent Unravelling     Hexes/Transmutation          5
   Trog disapproves of the use of such an item.
 K - a book of Cantrips

   Spells                             Type                      Level
   a - Confusing Touch                Hexes                        1
   b - Animate Skeleton               Necromancy                   1
   c - Summon Small Mammal            Summoning                    1
   d - Apportation                    Translocation                1
   Trog disapproves of the use of such an item.
Comestibles
 c - 9 bread rations
 h - 2 chunks of flesh
 u - 5 meat rations
 D - 5 beef jerkies


   Skills:
 + Level 10.5 Fighting
 * Level 16.6 Axes
 + Level 9.1 Armour
 - Level 1.5 Dodging


You had 10 spell levels left.
You didn't know any spells.

Dungeon Overview and Level Annotations

Branches:
Dungeon (10/15)            Temple (1/1) D:5            Lair (0/6) D:10
    Orc (0/2) D:9

Altars:
Elyvilon
Hepliaklqana
The Shining One

Shops:
D:9 [


Message History

You are too injured to fight recklessly!
You are too injured to fight recklessly!
You slash the crocodile!
The crocodile is heavily wounded.
The crocodile closely misses you. The crocodile bites you!
A yak comes into view.
The yak bellows!
You hit the crocodile.
The crocodile is heavily wounded.
The crocodile bites you!
* * * LOW HITPOINT WARNING * * *
You closely miss the crocodile.
The crocodile is heavily wounded.
The crocodile bites you!
* * * LOW HITPOINT WARNING * * *
The crocodile bites you!
* * * LOW HITPOINT WARNING * * *
Your ogre goes berserk!
You feel quite a bit more hungry. The crocodile bites you!
You die...

#..................<.....
#######.....#.##.#####.#####.##
#......#####..##.# #... .....
#.#####.###.####.. ..........
##.#.######## ##.#####.##
##..>...# #.# #.# ######O# #.#
#.# #.# #< ..# #@# #t# #r#
###Y##### #.Yr..rY# #.#####r##
##...P.††r# ##.P......P##
##.P...P.....#


You could see 2 yaks, a crocodile, a porcupine, a rat and a friendly ogre
(berserk).

Vanquished Creatures
  The ghost of evildog the Cleaver, a novice FoFi of Qazlal (D:8)
  A hill giant (D:9)
  Pikel (D:7)
  A manticore (D:9)
  Joseph (D:7)
  The ghost of MDvedh the Basher, a novice GrGl (D:4)
  3 trolls
  Grinder (D:6)
  A hornet (D:9)
  3 hippogriffs
  A wyvern (D:8)
  A yak (D:10)
  2 hungry ghosts
  A basilisk (D:10)
  Menkaure (D:5)
  Edmund (D:5)
  3 soldier ants (D:7)
  2 porcupines (D:10)
  2 sky beasts
  An ice beast (D:8)
  2 orc warriors
  3 phantoms
  A necrophage (D:9)
  3 ogres
  2 centaurs
  A crocodile (D:10)
  Blork the orc (D:4)
  3 bullfrogs
  4 scorpions
  7 killer bees
  6 wights
  3 howler monkeys
  A centaur zombie (D:6)
  2 jellies
  2 quasits
  3 crimson imps
  4 hounds
  2 centaur skeletons (D:5)
  2 orc priests
  2 bullfrog skeletons
  4 orc wizards
  5 iguanas
  14 worker ants
  3 hound skeletons
  7 gnolls
  A howler monkey zombie (D:7)
  6 adders
  7 river rats
  A shadow imp (D:7)
  3 oozes
  3 worms (D:2)
  2 dart slugs (D:3)
  6 leopard geckos
  19 orcs
  11 bats
  13 giant cockroaches
  2 goblins
  8 hobgoblins
  18 jackals
  7 kobolds
  7 quokkas
  A ball python (D:3)
  A ball python skeleton (D:4)
  3 frilled lizards
  A quokka zombie (D:6)
  28 rats
264 creatures vanquished.

Vanquished Creatures (collateral kills)
  A hill giant (D:9)
  A bullfrog (D:9)
  4 killer bees (D:8)
  A wight (D:9)
7 creatures vanquished.

Vanquished Creatures (others)
  An iguana (D:7)
  A worker ant (D:7)
  A butterfly (D:7)
3 creatures vanquished.

Grand Total: 274 creatures vanquished

Notes
Turn   | Place    | Note
-------+----------+-------------------------------------------
     0 | D:1      | mopl the Hill Orc Berserker began the quest for the Orb.
     0 | D:1      | Reached XP level 1. HP: 19/19 MP: 1/1
    62 | D:1      | Reached XP level 2. HP: 17/26 MP: 2/2
   236 | D:1      | Reached skill level 5 in Axes
   650 | D:2      | Reached XP level 3. HP: 31/31 MP: 3/3
   710 | D:2      | Reached ** piety under Trog
   931 | D:2      | Reached skill level 6 in Axes
   983 | D:2      | Found a white marble altar of Elyvilon.
  1404 | D:3      | Reached XP level 4. HP: 38/39 MP: 4/4
  1550 | D:3      | Reached skill level 7 in Axes
  1550 | D:3      | Reached XP level 5. HP: 27/45 MP: 5/5
  2166 | D:4      | Noticed a phantom
  2206 | D:4      | Killed a phantom
  2206 | D:4      | Reached skill level 8 in Axes
  2219 | D:4      | Noticed MDvedh's ghost (novice GrGl)
  2225 | D:5      | Entered Level 5 of the Dungeon
  2230 | D:5      | Reached XP level 6. HP: 29/51 MP: 6/6
  2269 | D:5      | Reached skill level 9 in Axes
  2287 | D:5      | Noticed Edmund
  2322 | D:5      | Killed Edmund
  2322 | D:5      | Reached skill level 10 in Axes
  2322 | D:5      | Reached XP level 7. HP: 22/57 MP: 7/7
  2461 | D:4      | Noticed Blork the orc
  2477 | D:4      | Killed Blork the orc
  2477 | D:4      | Reached skill level 4 in Fighting
  2587 | D:4      | Reached skill level 3 in Armour
  2611 | D:4      | Reached *** piety under Trog
  2925 | D:4      | Found a hazy altar of Hepliaklqana.
  3027 | D:4      | Killed MDvedh's ghost
  3027 | D:4      | Reached skill level 5 in Fighting
  3027 | D:4      | Reached skill level 11 in Axes
  3027 | D:4      | Reached XP level 8. HP: 68/68 MP: 8/8
  3050 | D:4      | Found a glowing golden altar of the Shining One.
  3112 | D:4      | Reached skill level 4 in Armour
  3371 | D:5      | Found a staircase to the Ecumenical Temple.
  3408 | D:5      | Noticed Menkaure
  3417 | D:5      | Killed Menkaure
  3436 | D:5      | You fall through a shaft for 2 floors!
  3469 | D:7      | Noticed Joseph
  3501 | D:7      | Killed Joseph
  3501 | D:7      | Reached skill level 6 in Fighting
  3501 | D:7      | Reached skill level 12 in Axes
  3501 | D:7      | Reached skill level 5 in Armour
  3501 | D:7      | Reached XP level 9. HP: 73/78 MP: 9/9
  3780 | Temple   | Entered the Ecumenical Temple
  3800 | D:6      | Reached **** piety under Trog
  3833 | D:6      | Found Itoqran's Incredible Inventory.
  4167 | D:6      | Reached skill level 7 in Fighting
  4170 | D:6      | Reached skill level 13 in Axes
  4220 | D:6      | Noticed Grinder
  4241 | D:6      | Killed Grinder
  4241 | D:6      | Reached skill level 6 in Armour
  4845 | D:7      | Found a runed door.
  4887 | D:7      | Reached ***** piety under Trog
  4895 | D:7      | Reached skill level 14 in Axes
  4897 | D:7      | Reached skill level 8 in Fighting
  4945 | D:7      | Noticed Pikel
  4952 | D:7      | Killed Pikel
  4952 | D:7      | Reached skill level 7 in Armour
  4952 | D:7      | Reached XP level 10. HP: 90/90 MP: 10/10
  5133 | D:7      | Found a runed door.
  5347 | D:8      | Noticed evildog's ghost (novice FoFi)
  5382 | D:8      | Killed evildog's ghost
  5382 | D:8      | Reached skill level 9 in Fighting
  5382 | D:8      | Reached skill level 15 in Axes
  5824 | D:9      | Reached skill level 8 in Armour
  6043 | D:9      | Got a jewelled chain mail
  6053 | D:9      | Found a staircase to the Orcish Mines.
  6104 | D:9      | Noticed a hill giant
  6108 | D:9      | Killed a hill giant
  6125 | D:9      | Reached XP level 11. HP: 77/99 MP: 11/11
  6134 | D:9      | Noticed a manticore
  6306 | D:9      | Reached skill level 16 in Axes
  6314 | D:9      | Reached skill level 10 in Fighting
  6395 | D:9      | Noticed a hill giant
  6400 | D:9      | Killed a hill giant
  6428 | D:9      | Killed a manticore
  6699 | D:9      | Found Ishryagu's Antique Armour Emporium.
  6704 | D:9      | Bought a pair of glowing gloves for 283 gold pieces
  6957 | D:10     | Entered Level 10 of the Dungeon
  6998 | D:10     | Reached skill level 9 in Armour
  7029 | D:10     | Found a staircase to the Lair.
  7055 | D:10     | HP: 4/101 [crocodile (8)]
  7056 | D:10     | Slain by a crocodile

Skill      XL: |  1  2  3  4  5  6  7  8  9 10 11 |
---------------+----------------------------------+-----
Axes           | 5 6 7 8 10 11 12 14 15 16 | 16.6
Fighting       | 5 6 8 9 10 | 10.5
Armour         | 3 5 7 8 9 |  9.1
Dodging        | |  1.5

Action                   |  1- 3 |  4- 6 |  7- 9 | 10-12 || total
-------------------------+-------+-------+-------+-------++-------
Melee: Hand axe          |   128 |   111 |     7 |       ||   246
       Dagger            |       |    40 |     8 |       ||    48
       Battleaxe         |       |       |   344 |   254 ||   598
Invok: Berserk           |     3 |     3 |     8 |     9 ||    23
       Trog's Hand       |     2 |     2 |     3 |     5 ||    12
       Brothers in Arms  |       |       |       |     4 ||     4
       Burn Spellbooks   |       |       |       |     2 ||     2
Evoke: Wand              |       |       |     1 |     1 ||     2
 Stab: Distracted        |       |       |       |     1 ||     1
  Eat: Chunk             |     5 |     5 |    18 |    14 ||    42
       Pizza             |       |       |       |     2 ||     2
       Beef jerky        |       |       |       |     2 ||     2
Armor: Animal skin       |     2 |       |       |       ||     2
       Chain mail        |    65 |    92 |       |       ||   157
       Scale mail        |       |       |   140 |   122 ||   262
Dodge: Dodged            |    55 |    78 |   153 |   128 ||   414
